 Dungeon Crawl Stone Soup version 0.21.0-3-g78d12a8 (webtiles) character file.

117009 Helmschank the Severer (level 15, -8/147 HPs)
             Began as a Deep Dwarf Artificer on Jan 10, 2018.
             Was the Champion of Makhleb.
             Mangled by a bog body (14 damage)
             ... on level 4 of the Swamp.
             The game lasted 02:04:59 (22791 turns).

Helmschank the Severer (Deep Dwarf Artificer)      Turns: 22791, Time: 02:05:00

Health: -8/147     AC: 26    Str: 27    XL:     15   Next: 90%
Magic:  0/0        EV: 10    Int: 11    God:    Makhleb [******]
Gold:   716        SH:  0    Dex: 14    Spells: 14/14 levels left

rFire    . . .     SeeInvis .   b - +2 broad axe (flame)
rCold    . . .     Gourm    .   (no shield)
rNeg     + . .     Faith    .   B - +1 plate armour {rPois}
rPois    +         Spirit   .   (no helmet)
rElec    .         Reflect  .   z - +1 cloak
rCorr    .         Harm     .   V - +0 pair of gloves of Vehumet's Fury {+Blink MR+ Dex-4 Stlth+}
MR       +++..                  C - +2 pair of boots
Stlth    ..........             D - amulet of rage
HPRegen  0.00/turn              y - ring of Efuzitt {AC+4 Dex+5}
MPRegen  0.07/turn              S - +4 ring of strength

@: non-regenerating, drained
A: damage resistance, heal wounds, negative energy resistance 1, sense
surroundings 2, no regeneration
}: 1/15 runes: decaying
a: Heal Wounds, Minor Destruction, Lesser Servant of Makhleb, Major Destruction,
Greater Servant of Makhleb, Renounce Religion, Evoke Blink, Evoke Berserk Rage


You were on level 4 of the Swamp.
You worshipped Makhleb.
Makhleb was exalted by your worship.
You were not hungry.

You visited 5 branches of the dungeon, and saw 23 of its levels.
You also visited: Labyrinth, Ossuary and Ice Cave.

You collected 2138 gold pieces.
You spent 1422 gold pieces at shops.

Inventory:

Hand Weapons
 a - a +3 battleaxe of freezing
 b - a +2 broad axe of flaming (weapon)
 w - the +11 double sword of the Madman {flame, rC+ rN+ Str+4}
   (You found it on level 6 of the Lair of Beasts)

   It has been specially enchanted to burn those struck by it, causing extra
   injury to most foes and up to half again as much damage against particularly
   susceptible opponents.
   Big, fiery blades are also staple armaments of hydra-hunters.
   It affects your strength (+4).
   It protects you from cold.
   It protects you from negative energy.
 K - a +0 demon blade of electrocution
 N - a +2 executioner's axe of protection
Missiles
 c - 3 curare-tipped needles
 s - 6 tomahawks (quivered)
 R - 13 javelins
 X - 4 poisoned tomahawks
Armour
 n - the +0 ring mail of Gakhloxza {rF+}
   (You found it on level 6 of the Lair of Beasts)

   It protects you from fire.
 t - a +1 chain mail of cold resistance
 z - a +1 cloak (worn)
 B - a +1 plate armour of poison resistance (worn)
 C - a +2 pair of boots (worn)
 V - the +0 pair of gloves of Vehumet's Fury (worn) {+Blink MR+ Dex-4 Stlth+}
   (You acquired it on level 1 of the Swamp)

   It affects your dexterity (-4).
   It affects your resistance to hostile enchantments.
   It lets you blink.
   It makes you more stealthy.
Jewellery
 d - the ring of Duneugom {rC+ MR+ Int+2 Dex+4}
   (You bought it in a shop on level 2 of the Orcish Mines)

   [ring of protection from cold]

   It affects your intelligence (+2).
   It affects your dexterity (+4).
   It protects you from cold.
   It affects your resistance to hostile enchantments.
 g - an uncursed ring of fire
 x - an uncursed ring of resist corrosion
 y - the ring of Efuzitt (left hand) {AC+4 Dex+5}
   (You acquired it on level 1 of the Lair of Beasts)

   [ring of protection]

   It affects your AC (+4).
   It affects your dexterity (+5).
 D - an amulet of rage (around neck)
 S - a +4 ring of strength (right hand)
 Z - an uncursed ring of protection from cold
Wands
 q - a wand of random effects (75)
 u - a wand of disintegration (13)
 I - a wand of acid (5)
 M - a wand of iceblast (7)
 P - a wand of flame (65)
Scrolls
 h - 2 scrolls of enchant armour
 i - 11 scrolls of teleportation
 l - 3 scrolls of immolation
 v - a scroll of magic mapping
 A - 3 scrolls of blinking
 E - 2 scrolls of remove curse
 Q - 4 scrolls of fog
 W - 5 scrolls of identify
Potions
 e - 3 potions of magic
 j - 2 potions of might
 k - 7 potions of mutation
 m - 3 potions of heal wounds
 o - 9 potions of flight
 p - 4 potions of agility
 r - 16 potions of curing
 F - a potion of cancellation
 H - 2 potions of ambrosia
 L - 4 potions of haste
 O - a potion of invisibility
 T - a potion of berserk rage
Books
 J - a book of Debilitation

   Spells                             Type                      Level
   a - Corona                         Hexes                        1
   b - Slow                           Hexes                        2
   c - Inner Flame                    Hexes/Fire                   3
   d - Portal Projectile              Hexes/Translocation          3
   e - Cause Fear                     Hexes                        4
   f - Leda's Liquefaction            Hexes/Earth                  4
 U - a book of Dreams

   Spells                             Type                      Level
   a - Ensorcelled Hibernation        Hexes/Ice                    2
   b - Borgnjor's Vile Clutch         Necromancy/Earth             5
   c - Silence                        Hexes/Air                    5
   d - Darkness                       Hexes                        6
   e - Shadow Creatures               Summoning                    6
 Y - a book of Power

   Spells                             Type                      Level
   a - Iskenderun's Battlesphere      Conjuration/Charms           5
   b - Venom Bolt                     Conjuration/Poison           5
   c - Bolt of Magma                  Conjuration/Fire/Earth       5
   d - Iron Shot                      Conjuration/Earth            6
   e - Orb of Destruction             Conjuration                  7
   f - Spellforged Servitor           Conjuration/Summoning        7
Comestibles
 f - 27 rations
 G - 3 chunks of flesh


   Skills:
 - Level 13.0(12.9) Fighting
   Level 0.8(7.8) Short Blades
 + Level 13.0 Long Blades
 - Level 16.6(16.9) Axes
   Level 6.0(11.7) Maces & Flails
 + Level 9.1(9.0) Armour
 - Level 5.0 Dodging
 - Level 1.2 Stealth
 - Level 11.2(11.1) Invocations
 - Level 7.2 Evocations


You had 14 spell levels left.
You didn't know any spells.

Dungeon Overview and Level Annotations

Branches:
Dungeon (10/15)            Temple (1/1) D:7            Lair (6/6) D:10
  Swamp (4/4) Lair:3       Spider (0/4) Lair:2        Slime (0/5) Lair:5
    Orc (2/2) D:10            Elf (0/3) Orc:2

Altars:
Ashenzari
Cheibriados
Dithmenos
Elyvilon
Fedhas
Gozag
Hepliaklqana
Kikubaaqudgha
Makhleb
Nemelex Xobeh
Okawaru
Qazlal
Ru
Sif Muna
Trog
Uskayaw
Vehumet
Wu Jian
Xom
Yredelemnul
Zin
The Shining One

Shops:
D:5 [=   D:10 }   Orc:2 !!==

Annotations:
D:4 Dowan
Lair:2 exclusion: 4 oklob plants


Innate Abilities, Weirdness & Mutations

You are resistant to damage.
You can heal yourself by infusing magical energy.
You resist negative energy. (rN+)
You passively map the area around you.
You do not regenerate.


Message History

The thorn hunter hits you but does no damage.
You regained 22 hp, and now have 32/147 hp.
You closely miss the thorn hunter.
The thorn hunter is heavily damaged.
You barely miss the bog body.
The thorn hunter fires a volley of thorns at you.
The volley of thorns hits you!
* * * LOW HITPOINT WARNING * * *
The bog body points at you and mumbles some strange words.
You resist with almost no effort.
You take 26 damage, and have 6/147 hp.
You slice the thorn hunter!! You burn the thorn hunter!
The thorn hunter is almost destroyed.
You slash the insubstantial wisp! You hit the bog body.
The briar patch crumbles away. x4
The thorn hunter gestures.
The thorn hunter hits you. The thorn hunter closely misses you.
The insubstantial wisp hits you but does no damage.
The bog body hits you!
You die...

#..≈≈≈## #††.# , ♣♣.≈.≈.≈≈§
##...## #.÷≈# #♣♣≈≈..≈.≈.♣
##### ♣♣..≈♣♣♣♣♣♣♣
♣≈......≈≈[♣ *
♣♣....≈.≈♣♣.♣♣♣....§♣♣.≈≈♣
♣≈≈...≈.≈≈..≈.≈.≈).♣♣♣♣♣♣♣
.♣♣♣..≈.....≈≈≈.♣♣♣♣♣♣♣ *
..♣.≈≈......v≈..≈..♣
..≈≈≈≈≈≈..vfv.≈≈≈≈.♣ **
..♣.≈≈.P≈P.♣@.≈≈≈≈≈♣
...≈≈≈≈≈≈≈≈≈n..≈≈≈P♣♣ ≈
≈≈≈≈..≈.≈≈≈≈≈..§≈≈≈P♣♣♣♣♣ ≈
≈≈≈≈≈≈.≈≈≈§≈≈≈≈≈≈PP≈..♣♣ ≈
≈≈≈≈≈≈..≈≈.≈≈≈≈≈≈.P≈...♣♣♣♣♣♣
≈≈≈n§...≈.)≈≈PPP≈PP≈≈≈.♣♣≈≈≈.
≈
.≈≈≈≈♣♣♣.)<≈≈≈P≈PPP≈≈≈.♣≈≈≈..
..≈♣♣ ♣♣♣≈.≈≈≈≈≈...≈≈≈.≈≈≈≈≈♣
≈ P♣*
♣♣≈P.≈§P..≈≈≈.≈≈≈.≈...♣*


You could see a thorn hunter, a bog body and 3 insubstantial wisps.

Vanquished Creatures
  Nikola (Swamp:1)
  Kirke (Lair:4)
  A thorn hunter (Swamp:3)
  A dire elephant (Lair:6)
  A minotaur (Lab)
  A catoblepas (Lair:6)
  18 hydras
  Erica (D:9)
  3 ghost crabs
  7 alligators
  9 two-headed ogres (Orc:2)
  2 ogre magi (Orc:2)
  A deep troll shaman (Lair:6)
  4 death yaks (Lair:6)
  Urug (Lair:5)
  An orc high priest (Orc:1)
  A spriggan berserker (Swamp:4)
  2 deep trolls
  6 swamp dragons
  2 spriggan druids (Swamp:3)
  A shambling mangrove (Swamp:4)
  An orc sorcerer (Orc:1)
  2 cyclopes (Orc:2)
  An orc knight (Orc:1)
  2 ugly things (IceCv)
  17 elephants
  Maurice (D:10)
  3 black mambas
  3 ice statues (IceCv)
  A torpor snail (Lair:4)
  Joseph (D:8)
  12 spiny frogs
  4 rime drakes
  5 komodo dragons
  2 polar bears
  11 trolls
  11 tyrant leeches
  The ghost of Ash44 the Poker, an amateur DsGl (D:5)
  6 hornets
  17 blink frogs
  A minotaur skeleton (Lab)
  12 bog bodies
  7 dream sheep (Lair:6)
  8 hippogriffs
  4 spriggans
  2 shadows (Lab)
  2 redbacks (Lab)
  A hog (Lair:4)
  A vampire (D:10)
  37 yaks
  Eustachio (D:6)
  3 basilisks
  Grum (D:9)
  A steam dragon (D:10)
  3 hungry ghosts
  17 vampire mosquitoes
  Menkaure (D:6)
  2 wargs (Orc:1)
  19 swamp worms
  Edmund (D:6)
  10 insubstantial wisps (Swamp:2)
  Duvessa (D:5)
  9 water moccasins
  6 porcupines
  A sky beast (D:8)
  A black bear (D:9)
  17 ice beasts
  26 ogres
  12 swamp drakes
  2 necrophages
  15 orc warriors
  A phantom (D:6)
  2 centaurs
  9 wolves
  8 crocodiles
  10 bullfrogs
  6 elf zombies (Ossuary)
  4 scorpions
  5 killer bees (D:8)
  7 wights (D:8)
  2 crimson imps
  A bullfrog zombie (D:10)
  3 centaur zombies
  A quasit (D:5)
  A hound (D:6)
  4 human zombies (Ossuary)
  10 orc priests
  10 orc wizards
  6 jellies
  An iguana (D:7)
  5 worker ants
  A killer bee zombie (D:9)
  3 mummies (Ossuary)
  10 gnolls
  11 adders
  A shadow imp (D:10)
  6 oozes
  A worm zombie (D:6)
  3 worms (D:2)
  2 dart slugs (D:2)
  8 leopard geckos
  34 orcs
  2 ball pythons (D:1)
  9 bats
  3 giant cockroaches
  10 goblins
  10 hobgoblins
  17 jackals
  4 quokkas
  5 frilled lizards
  2 jackal skeletons (D:6)
  A jackal zombie (D:6)
  4 kobolds
  2 leopard gecko skeletons
  3 quokka skeletons
  A quokka zombie (D:6)
  10 rats
  6 briar patches (Swamp:4)
  A bush (Lair:5)
  5 fungi
  6 plants
667 creatures vanquished.

Vanquished Creatures (collateral kills)
  An orc warlord (Orc:1)
  A hydra (Lair:5)
  3 orc warriors (Orc:1)
  An orc wizard (Orc:1)
  An orc (Orc:1)
7 creatures vanquished.

Vanquished Creatures (others)
  2 spriggans (Swamp:4)
  An orc (Orc:1)
  7 briar patches (Swamp:4)
  11 fungi
  4 plants
25 creatures vanquished.

Grand Total: 699 creatures vanquished

Notes
Turn   | Place    | Note
-------+----------+-------------------------------------------
     0 | D:1      | Helmschank the Deep Dwarf Artificer began the quest for the Orb.
     0 | D:1      | Reached XP level 1. HP: 16/16 MP: 3/3
    12 | D:1      | Reached skill level 1 in Fighting
   113 | D:1      | Reached XP level 2. HP: 26/26 MP: 5/5
   643 | D:1      | Reached XP level 3. HP: 29/33 MP: 6/6
   982 | D:2      | Reached XP level 4. HP: 36/42 MP: 7/7
  1320 | D:2      | Reached skill level 5 in Evocations
  1364 | D:2      | Reached XP level 5. HP: 50/50 MP: 8/8
  1655 | D:3      | Reached skill level 1 in Maces & Flails
  1913 | D:3      | Reached XP level 6. HP: 30/57 MP: 10/10
  2449 | D:3      | Found a sacrificial altar of Ru.
  2805 | D:4      | Reached XP level 7. HP: 39/63 MP: 10/10
  3647 | D:5      | Entered Level 5 of the Dungeon
  3671 | D:5      | Reached skill level 1 in Axes
  3672 | D:5      | Noticed Ash44's ghost (amateur DsGl)
  3787 | D:5      | Reached skill level 2 in Axes
  4113 | D:5      | Found Malet's Armour Shop.
  4129 | D:5      | Bought a +1 pair of boots for 138 gold pieces
  4129 | D:5      | Bought a +0 chain mail for 54 gold pieces
  4198 | D:5      | Noticed Duvessa
  4219 | D:5      | Noticed Dowan
  4244 | D:5      | Killed Duvessa
  4244 | D:5      | Reached skill level 3 in Axes
  4244 | D:5      | Reached skill level 1 in Armour
  4320 | D:5      | Reached skill level 4 in Axes
  4369 | D:5      | Found an opulent altar of Gozag.
  4407 | D:5      | Found a shattered altar of Ashenzari.
  4603 | D:5      | Found Leent's Jewellery Shop.
  4684 | D:5      | Reached XP level 8. HP: 64/72 MP: 10/10
  4795 | D:5      | Reached skill level 5 in Axes
  4818 | D:5      | Killed Ash44's ghost
  5000 | D:6      | Noticed an angel
  5001 | D:6      | Found a shimmering altar of Xom.
  5002 | D:6      | Found a glowing silver altar of Zin.
  5068 | D:6      | Noticed Menkaure
  5073 | D:6      | Noticed Eustachio
  5092 | D:6      | Killed Menkaure
  5199 | D:6      | Reached skill level 5 in Fighting
  5250 | D:6      | Killed Eustachio
  5284 | D:6      | Found a sand-covered staircase.
  5319 | Ossuary  | Entered an ossuary
  5363 | Ossuary  | Reached skill level 6 in Axes
  5363 | Ossuary  | Reached skill level 5 in Maces & Flails
  5449 | Ossuary  | Gained mutation: You passively map the area around you. [Deep Dwarf growth]
  5449 | Ossuary  | Reached XP level 9. HP: 63/81 MP: 8/8
  5568 | Ossuary  | Reached skill level 7 in Axes
  6266 | D:6      | Noticed Edmund
  6280 | D:6      | Killed Edmund
  6365 | D:6      | Reached skill level 8 in Axes
  6469 | D:7      | Found a staircase to the Ecumenical Temple.
  6486 | Temple   | Entered the Ecumenical Temple
  7063 | D:7      | Found a hide-covered altar of Uskayaw.
  7065 | D:7      | Found a glowing golden altar of the Shining One.
  7065 | D:7      | Found a radiant altar of Vehumet.
  7066 | D:7      | Found a burning altar of Makhleb.
  7066 | D:7      | Found a deep blue altar of Sif Muna.
  7066 | D:7      | Found an ancient bone altar of Kikubaaqudgha.
  7070 | D:7      | Became a worshipper of Makhleb the Destroyer
  7533 | D:8      | Noticed a two-headed ogre
  7657 | D:8      | Reached skill level 5 in Armour
  7669 | D:8      | Noticed Joseph
  7685 | D:8      | Killed Joseph
  7687 | D:8      | Reached XP level 10. HP: 64/94 MP: 9/9
  7762 | D:8      | Reached skill level 9 in Axes
  7773 | D:8      | Reached * piety under Makhleb
  8540 | D:9      | Reached skill level 10 in Axes
  8770 | D:9      | Found an opulent altar of Gozag.
  8815 | D:9      | Noticed Erica
  8838 | D:9      | Killed Erica
  8937 | D:9      | Noticed Grum
  8955 | D:9      | Killed Grum
  9061 | D:9      | Reached skill level 1 in Invocations
  9136 | D:9      | Reached XP level 11. HP: 73/106 MP: 8/8
  9223 | D:10     | Entered Level 10 of the Dungeon
  9226 | D:10     | Noticed Maurice
  9327 | D:10     | Reached ** piety under Makhleb
  9565 | D:10     | Found a staircase to the Orcish Mines.
  9579 | D:10     | Reached skill level 5 in Invocations
  9725 | D:10     | Found Qenn's Gadget Boutique.
  9774 | D:10     | Found a staircase to the Lair.
 10140 | D:10     | Killed Maurice
 10407 | Lair:1   | Entered Level 1 of the Lair of Beasts
 10414 | Lair:1   | Identified a scroll of acquirement
 10415 | Lair:1   | Got a smoking golden ring
 10421 | Lair:1   | Identified the ring of Efuzitt {AC+4 Dex+5} (You acquired it on level 1 of the Lair of Beasts)
 10463 | Lair:1   | Reached skill level 11 in Axes
 10582 | Lair:1   | Reached *** piety under Makhleb
 10673 | Lair:1   | Reached skill level 12 in Axes
 10777 | Lair:1   | Noticed a five-headed hydra
 10802 | Lair:1   | Killed a five-headed hydra
 11353 | Lair:1   | Reached XP level 12. HP: 47/116 MP: 7/7
 11433 | Lair:2   | Reached skill level 10 in Fighting
 11725 | Lair:2   | Found a hole to the Spider Nest.
 12485 | Lair:3   | Noticed a seven-headed hydra
 12511 | Lair:3   | Killed a seven-headed hydra
 12571 | Lair:3   | Found a frozen archway.
 12608 | Lair:3   | Reached **** piety under Makhleb
 12638 | Lair:3   | Reached skill level 5 in Dodging
 12728 | IceCv    | Entered an ice cave
 12928 | IceCv    | Reached skill level 13 in Axes
 12999 | Lair:3   | Found a staircase to the Swamp.
 13355 | Lair:3   | Reached XP level 13. HP: 111/127 MP: 6/6
 13911 | Lair:4   | Reached skill level 10 in Invocations
 14085 | Lair:4   | Noticed Kirke
 14238 | Lair:4   | Killed Kirke
 14926 | Lair:5   | Reached ***** piety under Makhleb
 14968 | Lair:5   | Reached skill level 14 in Axes
 15330 | Lair:5   | Noticed Urug
 15345 | Lair:5   | Killed Urug
 15431 | Lair:5   | Found a staircase to the Slime Pits.
 15934 | Lair:6   | Entered Level 6 of the Lair of Beasts
 15943 | Lair:6   | Reached skill level 15 in Axes
 16286 | Lair:6   | Got a brightly glowing ring mail
 16297 | Lair:6   | Identified the +0 ring mail of Gakhloxza {rF+} (You found it on level 6 of the Lair of Beasts)
 16530 | Lair:6   | Reached skill level 16 in Axes
 16940 | Lair:6   | Gained mutation: You resist negative energy. (rN+) [Deep Dwarf growth]
 16940 | Lair:6   | Reached XP level 14. HP: 55/135 MP: 5/5
 17125 | Lair:6   | Got a transparent double sword
 17126 | Lair:6   | Identified the +11 double sword of the Madman {flame, rC+ rN+ Str+4} (You found it on level 6 of the Lair of Beasts)
 17371 | Orc:1    | Entered Level 1 of the Orcish Mines
 17390 | Orc:1    | Reached skill level 1 in Long Blades
 17857 | Orc:2    | Entered Level 2 of the Orcish Mines
 17860 | Orc:2    | Found a labyrinth entrance.
 17912 | Lab      | Entered a labyrinth
 18174 | Lab      | Identified the Collected Works on Supportive Ice
 18479 | Orc:1    | Noticed an orc warlord
 18490 | Orc:1    | Killed an orc warlord
 18634 | Orc:2    | Found a staircase to the Elven Halls.
 18664 | Orc:2    | Reached skill level 5 in Long Blades
 18798 | Orc:2    | Found Qieguaw's Distillery.
 18801 | Orc:2    | Found Dirphugyu's Jewellery Boutique.
 18806 | Orc:2    | Found Vuemedeh's Distillery.
 18807 | Orc:2    | Found Koovu's Jewellery Emporium.
 18817 | Orc:2    | Reached ****** piety under Makhleb
 19246 | Orc:2    | Bought the ring of Duneugom {rC+ MR+ Int+2 Dex+4} for 652 gold pieces
 19257 | Orc:2    | Bought a potion of might for 52 gold pieces
 19257 | Orc:2    | Bought a potion of resistance for 130 gold pieces
 19257 | Orc:2    | Bought a potion of curing for 39 gold pieces
 19257 | Orc:2    | Bought a potion of curing for 39 gold pieces
 19257 | Orc:2    | Bought a potion of might for 52 gold pieces
 19269 | Orc:2    | Bought a potion of curing for 42 gold pieces
 19269 | Orc:2    | Bought a potion of curing for 42 gold pieces
 19269 | Orc:2    | Bought a potion of curing for 42 gold pieces
 19269 | Orc:2    | Bought a potion of berserk rage for 70 gold pieces
 19269 | Orc:2    | Bought a potion of berserk rage for 70 gold pieces
 19540 | Swamp:1  | Entered Level 1 of the Swamp
 19540 | Swamp:1  | Noticed Nikola
 19571 | Swamp:1  | Killed Nikola
 19785 | Swamp:1  | Reached XP level 15. HP: 66/146 MP: 4/4
 19882 | Swamp:1  | Got a pair of transparent gloves
 19893 | Swamp:1  | Identified the +0 pair of gloves of Vehumet's Fury {+Blink MR+ Dex-4 Stlth+} (You acquired it on level 1 of the Swamp)
 21762 | Swamp:3  | Reached skill level 10 in Long Blades
 21772 | Swamp:3  | Noticed a thorn hunter
 21789 | Swamp:3  | Killed a thorn hunter
 22199 | Swamp:4  | Entered Level 4 of the Swamp
 22199 | Swamp:4  | Noticed a thorn hunter
 22472 | Swamp:4  | Got a decaying rune of Zot
 22766 | Swamp:4  | Noticed a thorn hunter
 22790 | Swamp:4  | HP: 6/147 [thorn hunter/volley of thorns (26)]
 22791 | Swamp:4  | Mangled by a bog body

Skill      XL: |  1  2  3  4  5  6  7  8  9 10 11 12 13 14 15 |
---------------+----------------------------------------------+-----
Fighting       | 1 2 3 5 7 9 11 12 13 | 13.0
Evocations     | 5 6 7 |  7.2
Maces & Flails | 2 4 5 6 |  6.0
Axes           | 4 6 8 10 12 13 16 | 16.6
Armour         | 2 4 5 6 7 9 |  9.1
Dodging        | 3 5 |  5.0
Invocations    | 3 7 9 11 | 11.2
Long Blades    | 7 13 | 13.0
Short Blades   | |  0.8
Stealth        | |  1.2

Action                   |  1- 3 |  4- 6 |  7- 9 | 10-12 | 13-15 || total
-------------------------+-------+-------+-------+-------+-------++-------
Melee: Short sword       |   141 |    23 |       |       |       ||   164
       Flail             |       |   186 |   674 |    33 |       ||   893
       Battleaxe         |       |       |       |   273 |    42 ||   315
       Morningstar       |       |       |       |   573 |   142 ||   715
       Executioner's axe |       |       |       |       |   782 ||   782
       Unarmed           |       |       |       |       |     1 ||     1
       Broad axe         |       |       |       |       |    62 ||    62
       Double sword      |       |       |       |       |    32 ||    32
Throw: Stone             |    47 |    74 |   137 |   122 |    49 ||   429
       Javelin           |       |       |       |       |    33 ||    33
       Tomahawk          |       |       |       |       |    34 ||    34
Invok: Greater Servant o |       |       |       |       |     2 ||     2
 Abil: Heal Wounds       |     5 |     3 |    18 |    28 |    22 ||    76
Evoke: Wand              |       |    26 |     5 |     5 |       ||    36
  Use: Scroll            |       |     7 |    11 |    13 |    14 ||    45
       Potion            |       |       |     4 |     4 |     6 ||    14
 Stab: Sleeping          |       |       |     1 |       |       ||     1
       Petrified         |       |       |       |       |     3 ||     3
       Petrifying        |       |       |       |       |     1 ||     1
  Eat: Chunk             |       |     7 |    13 |    17 |    30 ||    67
       Ration            |       |       |     3 |     2 |     2 ||     7
Armor: Leather armour    |    29 |       |       |       |       ||    29
       Ring mail         |     2 |    86 |   440 |   271 |   113 ||   912
       Chain mail        |       |       |    21 |   161 |   188 ||   370
       Plate armour      |       |       |       |       |   825 ||   825
Dodge: Dodged            |    84 |   147 |   537 |   487 |   818 ||  2073
       Rpst.: Double sword |       |       |       |       |    10 ||    10
